 Dungeon Crawl Stone Soup version 0.29-a0-892-g2c4c91d9db (webtiles) character file.

Game seed: 5206300584504701198

7982 spaghetti the Fighter (level 11, -5/120 HPs)
             Began as an Ogre Fire Elementalist on July 22, 2022.
             Was a High Priest of Ignis.
             Slain by a white ugly thing (34 damage)
             ... on level 9 of the Dungeon.
             The game lasted 00:15:13 (12316 turns).

spaghetti the Fighter (Ogre Fire Elementalist)     Turns: 12316, Time: 00:15:14

Health: -5/120     AC: 11    Str: 14    XL:     11   Next: 23%
Magic:  9/24       EV:  9    Int: 23    God:    Ignis [*****.]
Gold:   521        SH:  0    Dex: 12    Spells: 17/29 levels left

rFire   . . .      SeeInvis .   u - +7 sling of the Hidden Vale {venom, rPois rF- Int+3 Dex+3}
rCold   . . .      Faith    .   (no shield)
rNeg    . . .      Spirit   .   I - +0 troll leather armour
rPois   +          Reflect  .   (helmet restricted)
rElec   .          Harm     .   p - +1 cloak
rCorr   .          Rampage  .   (gloves unavailable)
Will    +....                   (boots unavailable)
Stlth   +.........              (no amulet)
HPRegen 1.10/turn               G - ring of wizardry
MPRegen 0.19/turn               w - +4 ring of protection

@: no status effects
A: large, unfitting armour, tough skin 1
a: Renounce Religion, Fiery Armour, Foxfire Swarm


You were on level 9 of the Dungeon.
You worshipped Ignis.
Ignis was extremely pleased with you.
You visited 1 branch of the dungeon, and saw 9 of its levels.
You also visited: Bailey.

You collected 521 gold pieces.


Innate Abilities, Weirdness & Mutations

You are too large for most types of armour.
You have tough skin. (AC +1)


   Skills:
 + Level 11.1 Fighting
 - Level 1.7 Dodging
 - Level 1.4 Stealth
 + Level 9.7 Spellcasting
 + Level 7.8 Conjurations
 + Level 8.3 Fire Magic


You had 17 spell levels left.
You knew the following spells:

 Your Spells              Type           Power      Damage    Failure   Level
a - Foxfire               Conj/Fire      100%       2x1d9     1%          1
b - Scorch                Fire           98%        2d10      1%          2
c - Flame Wave            Conj/Fire      48%        2d10      1%          4
d - Fireball              Conj/Fire      24%        3d11      3%          5

Your spell library contained the following spells:

 Spells                   Type           Power      Damage    Failure   Level
 Conjure Flame            Conj/Fire      48%        6-21      1%          3
 Inner Flame              Hex/Fire       30%        N/A       1%          3
 Apportation              Tloc           22%        N/A       3%          1
 Summon Small Mammal      Summ           44%        N/A       3%          1
 Ensorcelled Hibernation  Hex/Ice        22%        N/A       4%          2
 Call Canine Familiar     Summ           11%        N/A       9%          3
 Spider Form              Tmut/Pois      11%        N/A       9%          3
 Summon Guardian Golem    Hex/Summ       11%        N/A       9%          3
 Teleport Other           Tloc           11%        N/A       9%          3
 Tukima's Dance           Hex            11%        N/A       9%          3
 Anguish                  Hex/Necr       5%         N/A       28%         4
 Passage of Golubria      Tloc           11%        N/A       28%         4
 Yara's Violent Unravell  Hex/Tmut       5%         3d4       58%         5

Inventory:

Hand Weapons
 c - a +0 dagger {short}
   (You took it off a goblin on level 1 of the Dungeon)
 u - the +7 sling of the Hidden Vale (weapon) {venom, rPois rF- Int+3 Dex+3}
   (You found it on level 4 of the Dungeon)

   Any ammunition fired from it poisons the flesh of those it strikes.
   Int:       It affects your intelligence (+3).
   Dex:       It affects your dexterity (+3).
   rF:        It makes you vulnerable to fire.
   rPois:     It protects you from poison.
Missiles
 e - 77 stones {throwing}
 l - 22 poisoned darts {throwing}
 n - 6 datura-tipped darts {throwing}
 s - 6 curare-tipped darts {=fthrowing}
 K - 2 boomerangs {throwing}
Armour
 a - a +0 robe
 p - a +1 cloak (worn)
   (You found it on level 2 of the Dungeon)
 I - a +0 troll leather armour (worn)
   (You found it on level 8 of the Dungeon)
Magical Staves
 B - a staff of death {!astaff}
   (You found it on level 5 of the Dungeon)
Jewellery
 m - an amulet of faith {!P}
   (You found it on level 2 of the Dungeon)
 w - a +4 ring of protection (right hand)
   (You found it on level 4 of the Dungeon)
 G - a ring of wizardry (left hand)
   (You found it on level 7 of the Dungeon)
Wands
 E - a wand of roots (21)
   (You took it off Dowan on level 6 of the Dungeon)
 H - a wand of quicksilver (3)
   (You found it on level 7 of the Dungeon)
Scrolls
 i - 4 scrolls of teleportation {@r4}
 j - 3 scrolls of butterflies
 q - 3 scrolls of vulnerability {!r!r}
 r - 2 scrolls of enchant weapon
 y - a scroll of immolation {!r!r}
 A - 2 scrolls of magic mapping {!r}
 D - 2 scrolls of poison
 L - a scroll of amnesia
 M - a scroll of fear {unknown}
Potions
 b - 4 potions of magic
 d - 3 potions of invisibility {unknown}
 f - 3 potions of cancellation
 g - 2 potions of degeneration {unknown}
 h - 5 potions of haste {@q3}
 k - 6 potions of heal wounds {unknown}
 o - 3 potions of curing {@q1}
 t - 5 potions of brilliance
 v - a potion of flight {unknown}
 x - 4 potions of ambrosia
 z - 2 potions of lignification {unknown}
 C - 4 potions of mutation {unknown}
 F - a potion of attraction {unknown}
 J - 3 potions of might {unknown}

Dungeon Overview and Level Annotations

Branches:
Dungeon (9/15) Zot: 26005  Temple (0/1) D:5            Lair (0/5) D:9
 Bailey (visited)
    Orc: D:9-12

Altars:
Makhleb
Uskayaw
Yredelemnul
Ignis

Shops:
D:3

: #.# #.#
#.## ## #.#
#.# #.#
#...###.##
#.# #.....†.#
#........#
#############
#...###.##
#.... ## #.#
......
#.###.....#
#..#......#
#..@u...#
#.####### #.#
#.# ... #..
### ######
#....#


You could see a white ugly thing (combustible).


Message History

Key pressed, stopping explore.
x - 3 potions of ambrosia (gained 1)
x - 4 potions of ambrosia (gained 1)
Items here: ††††.
Key pressed, stopping explore.
Key pressed, stopping explore.
Key pressed, stopping explore.
Key pressed, stopping explore.
b - 4 potions of magic (gained 1)
Things that are here:
a killer bee corpse; a killer bee corpse
Things that are here:
a +0 giant club {mace}; a +0 giant club {mace} A white ugly thing comes into view.
The white ugly thing gurgles horribly! 😎 HP[+67] MP[+15]
Your hp is fully restored (120).
Your mp is fully restored (24).
A white ugly thing is nearby!
A white ugly thing is nearby!
Casting: Scorch (safe; 1% risk of failure)
Confirm with . or Enter, or press ? or * to list all spells.
You can't see any susceptible monsters within range! (Use Z to cast anyway.)
Casting: Scorch (safe; 1% risk of failure)
Confirm with . or Enter, or press ? or * to list all spells.
You can't see any susceptible monsters within range! (Use Z to cast anyway.)
Casting: Scorch (safe; 1% risk of failure)
Confirm with . or Enter, or press ? or * to list all spells.
You can't see any susceptible monsters within range! (Use Z to cast anyway.)
Casting: Scorch (safe; 1% risk of failure)
Confirm with . or Enter, or press ? or * to list all spells.
You conjure some foxfire! 😎 MP[-1]
You lost 1 mp, and now have 23/24 mp.
Casting: Foxfire (safe; 1% risk of failure)
Confirm with . or Enter, or press ? or * to list all spells.
You conjure some foxfire!
The white ugly thing tail-slaps you.
The white ugly thing freezes you!! 😮 HP[-31] MP[-1]
You take 31 damage, and now have 89/120 hp.
MASSIVE DAMAGE!! (PAUSE)
You lost 1 mp, and now have 22/24 mp.
Casting: Foxfire (safe; 1% risk of failure)
Confirm with . or Enter, or press ? or * to list all spells.
Flames lash the white ugly thing.
The white ugly thing's fire resistance burns away.
The foxfire hits the white ugly thing.
The white ugly thing tail-slaps you but does no damage. 😮 HP[+1] MP[-2]
You lost 2 mp, and now have 20/24 mp.
Casting: Scorch (safe; 1% risk of failure)
Confirm with . or Enter, or press ? or * to list all spells.
Flames lash the white ugly thing.
The white ugly thing is burned terribly!
The white ugly thing tail-slaps you but does no damage. 😕 HP[+1] MP[-2]
You lost 2 mp, and now have 18/24 mp.
Casting: Scorch (safe; 1% risk of failure)
Confirm with . or Enter, or press ? or * to list all spells.
Flames lash the white ugly thing.
The white ugly thing is burned terribly!
The white ugly thing tail-slaps you. The white ugly thing freezes you!!
* * * LOW HITPOINT WARNING * * *
😨 HP[-34] MP[-1]
You take 34 damage, and now have 57/120 hp.
MASSIVE DAMAGE!! (PAUSE)
You lost 1 mp, and now have 17/24 mp.
Casting: Scorch (safe; 1% risk of failure)
Confirm with . or Enter, or press ? or * to list all spells.
Flames lash the white ugly thing.
The white ugly thing is burned terribly!
The white ugly thing tail-slaps you.
* * * LOW HITPOINT WARNING * * *
The white ugly thing freezes you!!
* * * LOW HITPOINT WARNING * * *
😨 HP[-22] MP[-2]
You take 22 damage, and now have 35/120 hp.
You lost 2 mp, and now have 15/24 mp.
Casting: Scorch (safe; 1% risk of failure)
Confirm with . or Enter, or press ? or * to list all spells.
Flames lash the white ugly thing.
The white ugly thing is burned terribly!
The white ugly thing completely misses you. 😨 HP[+2] MP[-2]
You regained 2 hp, and now have 37/120 hp.
You lost 2 mp, and now have 13/24 mp.
Casting: Scorch (safe; 1% risk of failure)
Confirm with . or Enter, or press ? or * to list all spells.
Flames lash the white ugly thing.
The white ugly thing is burned terribly!
The white ugly thing tail-slaps you but does no damage. 😨 HP[+1] MP[-2]
You lost 2 mp, and now have 11/24 mp.
Casting: Scorch (safe; 1% risk of failure)
Confirm with . or Enter, or press ? or * to list all spells.
Flames lash the white ugly thing.
The white ugly thing is burned terribly!
The white ugly thing tail-slaps you!
* * * LOW HITPOINT WARNING * * *
The white ugly thing freezes you!!
You die...

Skill      XL: |  1  2  3  4  5  6  7  8  9 10 11 |
---------------+----------------------------------+-----
Conjurations   | 1 2 3 4 5 6 7 |  7.8
Fighting       | 1 2 3 4 5 7 9 10 11 | 11.1
Fire Magic     | 3 4 5 6 8 |  8.3
Spellcasting   | 3 4 5 6 8 9 |  9.7
Dodging        | |  1.7
Stealth        | |  1.4

Action                   |  1- 3 |  4- 6 |  7- 9 | 10-12 || total
-------------------------+-------+-------+-------+-------++-------
Melee: Unarmed           |     2 |       |       |       ||     2
       Dagger            |    53 |    17 |       |       ||    70
       Punch             |     2 |       |       |       ||     2
       Sling             |       |       |    73 |       ||    73
 Fire: Sling             |       |    44 |   140 |    61 ||   245
Throw: Stone             |     8 |       |       |       ||     8
       Dart              |       |       |     2 |       ||     2
 Cast: Foxfire           |   115 |    44 |    40 |    23 ||   222
       Scorch            |       |     5 |    90 |   117 ||   212
       Flame Wave        |       |       |     3 |     3 ||     6
Invok: Foxfire Swarm     |       |       |     1 |       ||     1
       Rising Flame      |       |       |     1 |       ||     1
Evoke: Wand              |       |       |       |     2 ||     2
  Use: Potion            |       |       |     2 |     6 ||     8
       Scroll            |       |       |       |    11 ||    11
 Stab: Sleeping          |     1 |       |       |       ||     1
Armor: Robe              |    31 |    23 |    33 |       ||    87
       Troll leather arm |       |       |       |    82 ||    82
Dodge: Dodged            |    40 |    28 |    74 |    72 ||   214

Levels and vault maps discovered:
D:1:      minmay_arrival_stair_chambers, layout_basic,
          nicolae_ecumenical_lake_church
D:2:      layout_rooms, minmay_heptomino_l4
D:3:      minmay_chambers_of_twos, layout_rooms, lightli_temple_of_fire,
          serial_shops, nicolae_shop_statue_plus
D:4:      layout_basic, mainiacjoe_overflow_cross_hatched, grunt_decor_arrowhead
D:5:      layout_loops_corners, minmay_temple_entry_drinking_statues,
          lightli_minifort
D:6:      layout_basic, uniq_crazy_yiuf_cottage, uniq_eustachio, uniq_duvessa,
          uniq_prince_ribbit1
D:7:      layout_rooms, mainiacjoe_overflow_six_doors_small
D:8:      layout_loops_ring
D:9:      minmay_opposing_rooms, layout_loops_ring, david_lair_shrubbed,
          enter_bailey_4, roderic_lattice_a, minivault_7, uniq_pikel

Notes
Turn   | Place    | Note
-------+----------+-------------------------------------------
     0 | D:1      | spaghetti the Ogre Fire Elementalist began the quest for
                  | the Orb.
     0 | D:1      | Reached XP level 1. HP: 16/16 MP: 3/3
     0 | D:1      | magus.rc [v1.9.6]
    24 | D:1      | Reached skill level 1 in Conjurations
   311 | D:1      | Reached XP level 2. HP: 26/26 MP: 1/5
   445 | D:1      | Reached skill level 1 in Fighting
   811 | D:1      | Found a faded altar of an unknown god.
   986 | D:1      | Prayed at the altar of an unknown god.
   986 | D:1      | Became a worshipper of Ignis, the Dying Flame
  1024 | D:1      | Reached skill level 3 in Fire Magic
  1024 | D:1      | Reached XP level 3. HP: 15/33 MP: 4/7
  1027 | D:1      | Learned a level 2 spell: Scorch
  1784 | D:2      | Reached skill level 3 in Spellcasting
  2887 | D:3      | Found a burning altar of Makhleb.
  2906 | D:3      | Found Emeps's Book Shoppe.
  2933 | D:3      | Reached skill level 2 in Fighting
  3021 | D:3      | Reached XP level 4. HP: 37/42 MP: 0/8
  3361 | D:3      | You add the spells Apportation, Teleport Other, Passage of
                  | Golubria and Fireball to your library.
  3361 | D:3      | Got the Excursus on the Scorching Tesseract
  3972 | D:4      | Reached skill level 2 in Conjurations
  4008 | D:4      | Identified the +7 sling of the Hidden Vale {venom, rPois
                  | rF- Int+3 Dex+3}
  4063 | D:4      | Reached XP level 5. HP: 52/52 MP: 10/10
  4125 | D:4      | Reached skill level 3 in Fighting
  4592 | D:4      | Found a hide-covered altar of Uskayaw.
  4764 | D:5      | Entered Level 5 of the Dungeon
  4778 | D:5      | Noticed a black bear
  4782 | D:5      | Killed a black bear
  4783 | D:5      | Reached skill level 4 in Spellcasting
  4783 | D:5      | Reached XP level 6. HP: 62/62 MP: 10/12
  4844 | D:5      | Reached skill level 4 in Fighting
  4844 | D:5      | Reached skill level 4 in Fire Magic
  4971 | D:5      | Noticed an ice beast
  4976 | D:5      | Killed an ice beast
  4977 | D:5      | Reached skill level 3 in Conjurations
  4977 | D:5      | Reached XP level 7. HP: 56/71 MP: 10/13
  5006 | D:5      | Learned a level 4 spell: Flame Wave
  5012 | D:5      | Learned a level 5 spell: Fireball
  5203 | D:5      | Found a staircase to the Ecumenical Temple.
  5424 | D:5      | Reached skill level 5 in Fighting
  5424 | D:5      | Reached skill level 5 in Spellcasting
  5659 | D:5      | HP: 17/72 [gnoll sergeant/+0 trident (8)]
  5660 | D:5      | HP: 5/72 [gnoll sergeant/+0 trident (8)]
  6318 | D:6      | You add the spells Tukima's Dance and Yara's Violent
                  | Unravelling to your library.
  6325 | D:6      | Noticed Eustachio
  6332 | D:6      | Killed Eustachio
  6333 | D:6      | Reached skill level 4 in Conjurations
  6333 | D:6      | Reached XP level 8. HP: 83/83 MP: 14/16
  6355 | D:6      | Reached skill level 5 in Fire Magic
  6360 | D:6      | Reached skill level 6 in Fighting
  6494 | D:6      | Reached skill level 6 in Spellcasting
  6499 | D:6      | HP: 13/84 [orc warrior/+0 glaive (13)]
  6859 | D:6      | Noticed Prince Ribbit
  6871 | D:6      | Killed Prince Ribbit
  6872 | D:6      | Reached skill level 7 in Fighting
  6872 | D:6      | Reached skill level 5 in Conjurations
  6872 | D:6      | Reached XP level 9. HP: 87/93 MP: 7/18
  7292 | D:6      | Noticed Dowan
  7295 | D:6      | Killed Dowan
  7311 | D:6      | Noticed Duvessa
  7324 | D:6      | Killed Duvessa
  7325 | D:6      | Reached skill level 6 in Fire Magic
  7900 | D:6      | Reached skill level 7 in Spellcasting
  8198 | D:6      | Found a runed translucent door.
  8199 | D:6      | Noticed Crazy Yiuf
  8205 | D:6      | Killed Crazy Yiuf
  8270 | D:7      | Reached skill level 8 in Fighting
  8866 | D:7      | Reached skill level 6 in Conjurations
  9061 | D:7      | Found a basalt altar of Yredelemnul.
  9609 | D:8      | Noticed a troll
  9620 | D:8      | Reached skill level 9 in Fighting
  9620 | D:8      | Reached skill level 8 in Spellcasting
  9620 | D:8      | Reached XP level 10. HP: 87/107 MP: 6/22
  9621 | D:8      | Reached skill level 7 in Fire Magic
 10088 | D:8      | Noticed a two-headed ogre
 10095 | D:8      | Killed a two-headed ogre
 10151 | D:8      | You pick up a book of Callings and begin reading...
 10151 | D:8      | You add the spells Summon Small Mammal, Call Canine
                  | Familiar and Summon Guardian Golem to your library.
 10210 | D:8      | You pick up a book of Dreams and begin reading...
 10210 | D:8      | You add the spells Ensorcelled Hibernation, Spider Form and
                  | Anguish to your library.
 10391 | D:8      | Reached skill level 7 in Conjurations
 10398 | D:8      | Reached skill level 10 in Fighting
 10623 | D:9      | Reached skill level 9 in Spellcasting
 10681 | D:9      | Found a staircase to the Lair.
 11083 | D:9      | Found a flagged portal.
 11093 | Bailey   | Entered a bailey
 11456 | Bailey   | Reached skill level 8 in Fire Magic
 11861 | D:9      | Reached XP level 11. HP: 104/119 MP: 12/24
 11869 | D:9      | HP: 28/119 [killer bee (13)]
 11870 | D:9      | HP: 11/119 [killer bee (11)]
 11875 | D:9      | HP: 19/119 [killer bee (2)]
 11876 | D:9      | HP: 5/119 [killer bee (10)]
 12083 | D:9      | Noticed a two-headed ogre
 12090 | D:9      | Reached skill level 11 in Fighting
 12091 | D:9      | Killed a two-headed ogre
 12091 | D:9      | HP: 30/120 [poisoned by a killer bee]
 12306 | D:9      | Noticed a white ugly thing
 12316 | D:9      | HP: 29/120 [white ugly thing (10)]
 12316 | D:9      | Slain by a white ugly thing

Vanquished Creatures
  2 two-headed ogres
  A komodo dragon (D:9)
  A troll (D:8)
  A queen bee (D:9)
  Prince Ribbit (D:6)
  A shadow (D:9)
  2 wyverns (D:9)
  Eustachio (D:6)
  6 yaks (D:8)
  A steam dragon (D:8)
  Duvessa (D:6)
  A water moccasin (D:7)
  3 orc warriors
  A black bear (D:5)
  4 ice beasts
  A sky beast (D:6)
  An ogre (D:5)
  A lemure (D:9)
  A centaur (D:9)
  2 kobold brigands (D:6)
  4 bullfrogs
  A necrophage (D:5)
  A gnoll sergeant (D:5)
  2 scorpions
  11 wights
  Dowan (D:6)
  23 killer bees
  2 hounds
  Crazy Yiuf (D:6)
  6 orc priests
  9 orc wizards
  2 iguanas
  21 gnolls
  3 adders
  2 shadow imps
  A white imp (D:8)
  2 ufetubi (D:5)
  A worm (D:5)
  4 dart slugs
  46 orcs
  8 endoplasms
  A giant cockroach (D:1)
  13 hobgoblins
  4 jackals (D:3)
  7 quokkas
  5 ball pythons
  7 bats
  5 frilled lizards
  7 goblins
  15 kobolds
  4 rats
252 creatures vanquished.

Vanquished Creatures (others)
  363 foxfires
  A fungus (D:6)
  17 plants
381 creatures vanquished.

Grand Total: 633 creatures vanquished

Table legend:
 A = Non-vault XP
 B = Vault XP
 C = Vault XP percentage of total XP
 D = Non-vault monster count
 E = Vault monster count
 F = Vault count percentage of total count
                 A         B        C        D         E       F
            +---------+---------+-------+---------+---------+-------
      Total |    8457 |    2946 |  25.8 |     180 |      71 |  28.3
            +---------+---------+-------+---------+---------+-------
        D:1 |      47 |       0 |   0.0 |      27 |       0 |   0.0
        D:2 |      11 |       5 |  31.2 |       6 |       3 |  33.3
        D:3 |      54 |      16 |  22.9 |      21 |       8 |  27.6
        D:4 |     155 |       0 |   0.0 |      15 |       0 |   0.0
        D:5 |     713 |     143 |  16.7 |      18 |       5 |  21.7
        D:6 |    1349 |     717 |  34.7 |      37 |       5 |  11.9
        D:7 |     981 |       0 |   0.0 |      17 |       0 |   0.0
        D:8 |    3328 |       0 |   0.0 |      30 |       0 |   0.0
        D:9 |    1819 |    1736 |  48.8 |       9 |      24 |  72.7
     Bailey |       0 |     329 | 100.0 |       0 |      26 | 100.0
            +---------+---------+-------+---------+---------+-------

Illustrated notes

Table legend:
 A = Kills in this place as a percentage of kills in entire the game.
 B = Kills by you in this place as a percentage of kills by you in the entire game.
 C = Kills by friends in this place as a percentage of kills by friends in the entire game.
 D = Other kills in this place as a percentage of other kills in the entire game.
 E = Experience gained in this place as a percentage of experience gained in the entire game.
 F = Experience gained in this place divided by the number of levels of this place that you have seen.
                   A       B       C       D       E      F
               +-------+-------+-------+-------+-------+----------------------
         Total | 100.0 | 100.0 |   N/A |   N/A | 100.0 | 1140.3
       Dungeon |  89.6 |  89.6 |   N/A |   N/A |  97.1 | 1230.4
        Bailey |  10.4 |  10.4 |   N/A |   N/A |   2.9 | 329.0
               +-------+-------+-------+-------+-------+----------------------

Table legend: (Time is in decaauts)
 A = Elapsed time spent in this place.
 B = Non-inter-level travel time spent in this place.
 C = Inter-level travel time spent in this place.
 D = Time resting spent in this place.
 E = Time spent auto-exploring this place.
 F = Levels seen in this place.
 G = Mean time per level.
                   A        B        C        D        E       F      G
               +--------+--------+--------+--------+--------+-----+--------+
         Total |  12402 |  12124 |    278 |    593 |  10044 |  10 | 1240.2 |
       Dungeon |  11683 |  11405 |    278 |    593 |   9403 |   9 | 1298.1 |
        Bailey |    718 |    718 |      0 |      0 |    641 |   1 |  718.0 |
               +--------+--------+--------+--------+--------+-----+--------+

Top non-repeatable levels by time:
     D:6: 2179 daAuts
     D:1: 1721 daAuts
     D:3: 1418 daAuts
     D:8: 1398 daAuts
     D:5: 1217 daAuts
     D:4: 1167 daAuts
     D:9: 993 daAuts
     D:2: 812 daAuts
     D:7: 773 daAuts
  Bailey: 718 daAuts
